 Dungeon Crawl Stone Soup version 0.30-b1-2-g02819fbbbe (webtiles) character file.

Game seed: 10632546713864674973

196 Alarkh the Shooter (level 5, 0/38 HPs)
             Began as a Demonspawn Hunter on May 23, 2023.
             Slain by Edmund
             ... wielding a +4 flail of protection
              (5 damage)
             ... on level 4 of the Dungeon.
             The game lasted 00:02:39 (2328 turns).

Alarkh the Shooter (Demonspawn Hunter)              Turns: 2328, Time: 00:02:40

Health: 0/38       AC:  4    Str: 17    XL:     5   Next: 46%
Magic:  5/5        EV: 17    Int: 13    God:
Gold:   168        SH:  0    Dex: 16    Spells: 4/4 levels left

rFire   . . .        b - +2 triple sword (vamp)
rCold   . . .        (shield currently unavailable)
rNeg    . . .        c - +1 leather armour
rPois   .            (no helmet)
rElec   .            (no cloak)
rCorr   .            (no gloves)
SInv    .            (no boots)
Will    .....        (no amulet)
Stlth   +            j - +6 ring of strength
HPRegen 0.26/turn    (no ring)
MPRegen 0.09/turn

%: no passive effects
@: agile
A: powered by pain 2
a: no special abilities


You were on level 4 of the Dungeon.
You visited 1 branch of the dungeon, and saw 5 of its levels.

You collected 168 gold pieces.

Inventory:

Hand Weapons
 a - a +1 shortbow
 b - a +2 vampiric triple sword (weapon)
Missiles
 i - 2 throwing nets
Armour
 c - a +1 leather armour (worn)
Jewellery
 j - a +6 ring of strength (left hand)
Scrolls
 e - a scroll of immolation
 f - a scroll of fog
 g - 3 scrolls of teleportation
 r - a scroll of identify
Potions
 d - a potion of lignification
 h - a potion of heal wounds {unknown}
 m - a potion of haste {unknown}
 n - a potion of curing {unknown}
 o - a potion of ambrosia {unknown}


   Skills:
 - Level 2.0 Fighting
 + Level 6.2 Ranged Weapons
 - Level 1.7 Dodging
 - Level 0.8 Stealth


You had 4 spell levels left.
You didn't know any spells.
Your spell library contained the following spells:

 Spells                   Type           Power      Damage    Failure   Level
 Beastly Appendage        Tmut           0%         N/A       36%         1
 Wereblood                Tmut           0%         N/A       50%         2
 Dazzling Flash           Conj/Hex       0%         N/A       75%         3
 Spider Form              Tmut/Pois      0%         N/A       75%         3
 Volatile Blastmotes      Fire/Tloc      0%         2d10      75%         3
 Iskenderun's Mystic Bla  Conj/Tloc      0%         2d3       98%         4
 Starburst                Conj/Fire      0%         6d3       100%        6


Dungeon Overview and Level Annotations

Branches:
Dungeon (5/15)
 Temple: D:4-7

Altars:
Qazlal
Ru

Annotations:
D:4 Edmund


Innate Abilities, Weirdness & Mutations

You sometimes gain power by taking damage.


Message History

Edmund shouts!
The arrow hits the jackal!
You kill the jackal!
You hear a bark!
You shoot an arrow. The arrow misses the adder.
There is an open door here.
The adder closely misses you. The adder bites you but does no damage.
You shoot an arrow. The arrow hits the adder!
The adder is severely wounded.
The adder bites you but does no damage.
You shoot an arrow. The arrow hits the adder!
You kill the adder!
You feel a sense of dread.
b - a +2 vampiric triple sword (weapon)
Edmund hits you with a +4 flail of protection!
You focus on the pain.
You feel agile all of a sudden.
You closely miss Edmund.
Edmund hits you with a +4 flail of protection!
You hit Edmund.
You feel better.
Edmund is lightly wounded.
Edmund barely misses you.
Edmund hits you with a +4 flail of protection!
* * * LOW HITPOINT WARNING * * *
You slash Edmund!
Edmund is moderately wounded.
Edmund completely misses you.
Edmund hits you with a +4 flail of protection.
* * * LOW HITPOINT WARNING * * *
You slash Edmund!
You feel better.
Edmund is severely wounded.
Edmund hits you with a +4 flail of protection.
Edmund says, "People accused me of being a cutpurse!"
Edmund hits you with a +4 flail of protection!
* * * LOW HITPOINT WARNING * * *
You slash Edmund!
You feel better.
Edmund is almost dead.
Edmund hits you with a +4 flail of protection.
You die...

#.........# #.........#
#######+###....#
#########+##....##..##....#
.##......#........†.........#
.....)...#..................#
#.....##..##........>.....#
#.....##..##....##..##....#
#......'..@@....##..##....#
#......#..########.......##
..†......#..# #.......#
.##....####+# #+###.... #....
..... +..... .. ##...$ #....


You could see Edmund.

Vanquished Creatures
  An ogre (D:5)
  An iguana (D:5)
  3 gnolls (D:2)
  2 adders
  2 dart slugs
  An orc (D:5)
  2 endoplasms
  A giant cockroach (D:3)
  5 goblins
  3 hobgoblins
  3 jackals
  A quokka (D:2)
  2 ball pythons
  3 bats
  2 frilled lizards
  3 kobolds
  6 rats
41 creatures vanquished.

Notes
Turn   | Place    | Note
-------+----------+-------------------------------------------
     0 | D:1      | Alarkh the Demonspawn Hunter began the quest for the Orb.
     0 | D:1      | Reached XP level 1. HP: 16/16 MP: 1/1
   437 | D:1      | Reached skill level 4 in Ranged Weapons
   752 | D:1      | Gained mutation: You sometimes gain a little power by
                  | taking damage. [demonic ancestry]
   752 | D:1      | Reached XP level 2. HP: 22/22 MP: 2/2
  1033 | D:1      | Found a stormy altar of Qazlal.
  1704 | D:2      | Gained mutation: You sometimes gain power by taking damage.
                  | [demonic ancestry]
  1704 | D:2      | Reached XP level 3. HP: 27/27 MP: 3/3
  1789 | D:2      | Reached skill level 5 in Ranged Weapons
  1972 | D:3      | Reached XP level 4. HP: 33/33 MP: 4/4
  2029 | D:3      | You fall into a shaft and drop 2 floors!
  2029 | D:5      | Entered Level 5 of the Dungeon
  2034 | D:5      | Identified a scroll of acquirement
  2034 | D:5      | Acquired a +2 vampiric triple sword
  2059 | D:5      | Noticed an ogre
  2074 | D:5      | Killed an ogre
  2075 | D:5      | Reached skill level 6 in Ranged Weapons
  2075 | D:5      | Reached XP level 5. HP: 38/38 MP: 5/5
  2220 | D:5      | Found a sacrificial altar of Ru.
  2312 | D:4      | Noticed Edmund
  2328 | D:4      | Slain by Edmund

Illustrated notes

Levels and vault maps discovered:
D:1:      dpeg_arrival_water_altar, layout_basic
D:2:      layout_basic
D:3:      kennysheep_big_flooded_room, layout_basic, roderic_serpentine_path,
          minmay_misc_feat_square, uniq_grinder
D:4:      layout_gridville, amcnicky_mini_rare_corridor_liquid, uniq_edmund
D:5:      layout_basic, nicolae_ru_awakened_eye, minmay_temple_entry_junction

Skill      XL: |  1  2  3  4 |
---------------+-------------+-----
Ranged Weapons | 4 5 6 |  6.2
Fighting       | |  2.0
Dodging        | |  1.7
Stealth        | |  0.8

Action                     |  1- 3 |  4- 6 || total
---------------------------+-------+-------++-------
  Melee: Triple sword      |       |     7 ||     7
   Fire: Shortbow          |    75 |    35 ||   110
    Use: Scroll            |     1 |     5 ||     6
 Armour: Leather armour    |     9 |     6 ||    15
  Dodge: Dodged            |    17 |    10 ||    27
